 Dungeon Crawl Stone Soup version 0.28-a0-589-g333b8329f1 (webtiles) character file.

Game seed: 5732881324025100002

130 Shard1697 the Magician (level 5, -1/38 HPs)
             Began as a Djinni Fire Elementalist on Oct 4, 2021.
             Slain by an orc (3 damage)
             ... on level 3 of the Dungeon.
             The game lasted 00:08:31 (3372 turns).

Shard1697 the Magician (Djinni Fire Elementalist)   Turns: 3372, Time: 00:08:32

Health: -1/38      AC:  5    Str:  7    XL:     5   Next: 36%
Gold:   103        EV: 12    Int: 18    God:
                   SH:  0    Dex: 13

rFire   + + .      SeeInvis .   a - +0 quarterstaff
rCold   x . .      Faith    .   (shield currently unavailable)
rNeg    . . .      Spirit   .   f - +0 robe
rPois   ∞          Reflect  .   t - +1 helmet
rElec   .          Harm     .   s - +0 cloak
rCorr   .          Rampage  .   (no gloves)
Will    .....                   (boots unavailable)
Stlth   ++........              (no amulet)
HPRegen 0.12/turn               (no ring)
MPRegen 0.00/turn               (no ring)

@: flying
A: sickness immunity, fire resistance 2, cold vulnerability 1, float, innate
caster, hp casting, extra vitality 1
a: no special abilities


You were on level 3 of the Dungeon.
You visited 1 branch of the dungeon, and saw 3 of its levels.

You collected 103 gold pieces.

Inventory:

Hand Weapons
 a - a +0 quarterstaff (weapon)
Armour
 f - a +0 robe (worn)
 j - a +0 ring mail
 s - a +0 cloak (worn)
 t - a +1 helmet (worn)
 u - a +0 leather armour
Wands
 m - a wand of acid (9)
 n - a wand of charming (11)
Scrolls
 d - a scroll of teleportation {unknown}
 h - a scroll of holy word {unknown}
 k - 4 scrolls of identify {unknown}
 o - a scroll of fog {unknown}
 p - a scroll of enchant armour {unknown}
Potions
 b - a potion of resistance
 c - a potion of attraction {unknown}
 e - a potion of invisibility {unknown}
 g - a potion of flight {unknown}
 i - 3 potions of heal wounds {unknown}
 l - a potion of degeneration {unknown}
 q - a potion of curing {unknown}
 r - a potion of magic {unknown}


   Skills:
 - Level 2.0 Fighting
 - Level 2.1 Dodging
 - Level 1.5 Stealth
 + Level 4.0 Spellcasting


You couldn't memorise any spells.
You knew the following spells:

 Your Spells              Type           Power      Damage    Failure   Level
a - Foxfire               Conj/Fire      72%        2x1d7     2%          1
b - Scorch                Fire           36%        2d6       4%          2
c - Conjure Flame         Conj/Fire      18%        6-21      9%          3
d - Inner Flame           Hex/Fire       18%        N/A       9%          3
e - Flame Wave            Conj/Fire      18%        3d5       28%         4
f - Summon Small Mammal   Summ           72%        N/A       2%          1
g - Static Discharge      Conj/Air       18%        N/A       4%          2
Your spell library was empty.

Dungeon Overview and Level Annotations

Branches:
Dungeon (3/15)

Altars:
Nemelex Xobeh


Innate Abilities, Weirdness & Mutations

You are immune to sickness and miasma.
You are immune to poison.
Your flesh is very heat resistant. (rF++)
You are vulnerable to cold. (rC-)
You float through the air rather than walking.
You learn spells naturally, not from books.
Your magical power is your life essence.
You have superior vitality. (+4 HP)


Message History

The orc priest casts a cantrip, but nothing happens.
An orc comes into view. It is wielding a +0 war axe.
An orc comes into view. It is wielding a +0 dagger.
You see here a ball python corpse.
The orc priest casts a cantrip, but nothing happens.
The orc priest invokes the aid of Beogh against you.
Beogh smites you!
You hear a shout!
There is a stone staircase leading up here.
Casting: Static Discharge (safe; 4% risk of failure)
Confirm with . or Enter, or press ? or * to list all spells.
Flames lash the orc.
You kill the orc!
Casting: Scorch (safe; 4% risk of failure)
Confirm with . or Enter, or press ? or * to list all spells.
Flames lash the orc priest.
The orc priest is heavily wounded.
The orc priest's fire resistance burns away.
Casting: Scorch (safe; 4% risk of failure)
Confirm with . or Enter, or press ? or * to list all spells.
You conjure some foxfire!
The orc priest mumbles some strange prayers to Beogh against you.
Beogh smites you!
* * * LOW HITPOINT WARNING * * *
You hit the orc priest.
The orc priest is severely wounded.
The foxfire hits the orc priest.
The orc priest is severely wounded.
The foxfire hits the orc priest.
The orc priest is burned terribly!
The orc priest is almost dead.
The orc priest hits you with a +0 flail.
* * * LOW HITPOINT WARNING * * *
Casting: Foxfire (safe; 2% risk of failure)
Confirm with . or Enter, or press ? or * to list all spells.
The orc priest is struck by an arc of lightning!
You kill the orc priest!
The lightning grounds out.
* * * LOW HITPOINT WARNING * * *
The orc hits you with a +0 mace.
You die...

#≈≈≈≈≈≈≈≈.## #. ##≈#≈≈≈≈≈≈.≈# #.
.... #≈≈##≈≈≈≈≈≈≈# #. ....
#≈≈≈##≈≈≈≈≈.# ## .....
#######≈≈≈≈≈# ..... #.# #.≈≈≈≈≈.#
#..o.# #.###.≈...≈.# #.....
#§....≈≈≈≈≈.#
#.....##########@§###.≈≈≈.≈######
......g....†..go......≈≈≈≈.......
.....o##########......≈≈≈≈...####
.####. #......≈≈≈≈≈..#### #.
#......≈≈≈≈≈..##.. ..
.......≈≈≈≈≈...+.. ..
##.###.≈.≈≈.####.. #.. ..#
#≈≈≈≈≈## ### #.. ## #≈≈≈≈≈ #


You could see an orc and a hobgoblin.

Vanquished Creatures
  An orc priest (D:3)
  Terence (D:2)
  Robin (D:2)
  3 adders (D:2)
  A dart slug (D:2)
  3 orcs
  7 ball pythons
  3 endoplasms
  2 giant cockroaches (D:1)
  7 hobgoblins
  4 jackals (D:1)
  3 quokkas
  A bat (D:2)
  3 frilled lizards (D:1)
  8 goblins
  4 kobolds
  7 rats
59 creatures vanquished.

Vanquished Creatures (others)
  109 foxfires
  A plant (D:1)
110 creatures vanquished.

Grand Total: 169 creatures vanquished

Notes
Turn   | Place    | Note
-------+----------+-------------------------------------------
     0 | D:1      | Shard1697 the Djinni Fire Elementalist began the quest for
                  | the Orb.
     0 | D:1      | Reached XP level 1. HP: 15/15 MP: 0/0
   383 | D:1      | Reached XP level 2. HP: 20/22 MP: 0/0
   496 | D:1      | Reached skill level 1 in Fighting
  1417 | D:2      | Reached skill level 3 in Spellcasting
  1417 | D:2      | Reached XP level 3. HP: 22/27 MP: 0/0
  1417 | D:2      | Learned a level 1 spell: Summon Small Mammal
  1543 | D:2      | Found a faded altar of an unknown god.
  1720 | D:2      | Reached XP level 4. HP: 30/32 MP: 0/0
  2104 | D:2      | Noticed Robin
  2425 | D:2      | Killed Robin
  2576 | D:3      | Found a sparkling altar of Nemelex Xobeh.
  2584 | D:3      | Noticed Terence
  2642 | D:2      | Killed Terence
  2643 | D:2      | Reached XP level 5. HP: 17/38 MP: 0/0
  2643 | D:2      | Learned a level 2 spell: Static Discharge
  3013 | D:3      | Reached skill level 4 in Spellcasting
  3372 | D:3      | Slain by an orc

Illustrated notes

Levels and vault maps discovered:
D:1:      wander_arrival_fairy_ring, layout_basic
D:2:      layout_basic, ebering_ecumenical_altar_sacrificial, nrook_campfire,
          uniq_robin
D:3:      layout_basic, nicolae_uskayaw_suspiria, old_standard_altar,
          chequers_serial_rivers_large_a, uniq_terence

Skill      XL: |  1  2  3  4  5 |
---------------+----------------+-----
Fighting       | 1 2 |  2.0
Spellcasting   | 3 4 |  4.0
Dodging        | |  2.1
Stealth        | |  1.5

Action                   |  1- 3 |  4- 6 || total
-------------------------+-------+-------++-------
Melee: Unarmed           |     6 |       ||     6
       Dagger            |    20 |       ||    20
       Quarterstaff      |     1 |    26 ||    27
 Cast: Foxfire           |    31 |    28 ||    59
       Scorch            |       |     8 ||     8
       Static Discharge  |       |     2 ||     2
 Stab: Sleeping          |     1 |       ||     1
Armor: Robe              |     3 |    13 ||    16
Dodge: Dodged            |    24 |    20 ||    44

Table legend: (Time is in decaauts)
 A = Elapsed time spent in this place.
 B = Non-inter-level travel time spent in this place.
 C = Inter-level travel time spent in this place.
 D = Time resting spent in this place.
 E = Time spent auto-exploring this place.
 F = Levels seen in this place.
 G = Mean time per level.
                   A        B        C        D        E       F      G
               +--------+--------+--------+--------+--------+-----+--------+
         Total |   3381 |   3303 |     78 |    408 |   2237 |   3 | 1127.0 |
       Dungeon |   3381 |   3303 |     78 |    408 |   2237 |   3 | 1127.0 |
               +--------+--------+--------+--------+--------+-----+--------+

Top non-repeatable levels by time:
     D:1: 1457 daAuts
     D:2: 1393 daAuts
     D:3: 531 daAuts
